 Dungeon Crawl Stone Soup version 0.20.1-1-g8b1a95d (webtiles) character file.

1552 tmwrnj the Basher (level 8, -6/70 HPs)
             Began as a Hill Orc Fighter on July 31, 2017.
             Was an Initiate of Beogh.
             Killed by divine providence
             ... invoked by an orc priest
              (13 damage)
             ... on level 8 of the Dungeon.
             The game lasted 00:19:38 (6229 turns).

tmwrnj the Basher (Hill Orc Fighter)                Turns: 6229, Time: 00:19:38

Health: -6/70      AC: 18    Str: 21    XL:     8   Next: 88%
Magic:  8/8        EV:  7    Int:  8    God:    Beogh [......]
Gold:   319        SH: 10    Dex: 14    Spells: 7/7 levels left

rFire    . . .     SeeInvis .   b - +2 mace (crush)
rCold    . . .     Gourm    .   c - +0 shield
rNeg     . . .     Faith    .   j - +0 chain mail
rPois    .         Spirit   .   u - +0 helmet
rElec    .         Reflect  .   (no cloak)
rCorr    .         Harm     .   s - +0 pair of gloves
MR       .....                  (no boots)
Stlth    ..........             (no amulet)
Regen    0.3/turn               m - +6 ring of protection
MPRegen  0.2/turn               D - +4 ring of dexterity

@: no status effects
A: no striking features
a: Renounce Religion


You were on level 8 of the Dungeon.
You worshipped Beogh.
Beogh was noncommittal.
You were hungry.

You visited 1 branch of the dungeon, and saw 8 of its levels.

You collected 319 gold pieces.

Inventory:

Hand Weapons
 a - a +0 flail
 b - a +2 mace of crushing (weapon)
 w - a +0 great mace
Armour
 c - a +0 shield (worn)
 j - a +0 chain mail (worn)
 s - a +0 pair of gloves (worn)
 u - a +0 helmet (worn)
Jewellery
 m - a +6 ring of protection (left hand)
 p - an uncursed ring of see invisible
 D - a +4 ring of dexterity (right hand)
 M - an uncursed ring of ice {unknown}
Wands
 H - a wand of scattershot (4/9)
 J - a wand of lightning (8/15)
 K - a wand of iceblast (13/15)
Scrolls
 h - 6 scrolls of identify
 i - 3 scrolls of remove curse
 n - a scroll of immolation {unknown}
 q - a scroll of enchant armour {unknown}
 r - 2 scrolls of fear
 t - a scroll of enchant weapon {unknown}
 y - 2 scrolls of blinking {unknown}
 A - 4 scrolls of recharging {unknown}
 F - a scroll of fog {unknown}
Potions
 d - 2 potions of might
 g - a potion of haste
 k - a potion of berserk rage {unknown}
 l - a potion of magic {unknown}
 o - a potion of degeneration {unknown}
 v - a potion of lignification {unknown}
 x - 2 potions of curing
 z - 2 potions of heal wounds {unknown}
 G - a potion of agility {unknown}
 N - a potion of resistance {unknown}
Books
 e - a book of Maledictions

   Spells                             Type                      Level
   a - Corona                         Hexes                        1
   b - Ensorcelled Hibernation        Hexes/Ice                    2
   c - Confuse                        Hexes                        3
   d - Tukima's Dance                 Hexes                        3
   e - Dazzling Spray                 Conjuration/Hexes            3
 B - a book of Minor Magic

   Spells                             Type                      Level
   a - Magic Dart                     Conjuration                  1
   b - Blink                          Translocation                2
   c - Call Imp                       Summoning                    2
   d - Slow                           Hexes                        2
   e - Conjure Flame                  Conjuration/Fire             3
   f - Mephitic Cloud                 Conjuration/Poison/Air       3
 C - a book of Annihilations

   Spells                             Type                      Level
   a - Poison Arrow                   Conjuration/Poison           6
   b - Chain Lightning                Conjuration/Air              8
   c - Lehudib's Crystal Spear        Conjuration/Earth            8
   d - Glaciate                       Conjuration/Ice              9
   e - Fire Storm                     Conjuration/Fire             9
 I - a book of Necromancy

   Spells                             Type                      Level
   a - Pain                           Necromancy                   1
   b - Animate Skeleton               Necromancy                   1
   c - Vampiric Draining              Necromancy                   3
   d - Regeneration                   Charms/Necromancy            3
   e - Animate Dead                   Necromancy                   4
   f - Control Undead                 Necromancy                   4
Comestibles
 f - 7 bread rations
 E - 5 meat rations


   Skills:
 + Level 6.1 Fighting
 + Level 8.3 Maces & Flails
 + Level 6.0 Armour
 + Level 2.4 Dodging
 + Level 0.3 Stealth
 + Level 5.0 Shields


You had 7 spell levels left.
You didn't know any spells.

Dungeon Overview and Level Annotations

Branches:
Dungeon (8/15)             Temple (0/1) D:6
   Lair: D:8-11

Altars:
Ashenzari
Cheibriados
Kikubaaqudgha
Okawaru
Ru

Shops:
D:6 :

Annotations:
D:3 galech's ghost, amateur TrMo
D:7 Joseph


Message History

The orc warrior is lightly wounded.
The orc warrior barely misses you.
An orc priest comes into view. It is wielding a mace.
The orc priest shouts!
You hear some strange, mumbled words.
You block something's attack.
The orc throws a tomahawk.
The tomahawk hits you but does no damage.
Something hits you but does no damage.
You see here a tomahawk.
You block the orc priest's attack.
You see here a falchion.
A magic dart appears from out of thin air!
The magic dart hits you!
* * * LOW HITPOINT WARNING * * *
The orc priest calls upon Beogh to heal the orc warrior.
The orc warrior's wounds heal themselves!
The orc priest mumbles some strange prayers to Beogh against you.
Beogh smites you!
You die...
Beogh appreciates the orc priest's killing of a heretic priest.

##Y ...#
#..########...###
#.##............o
#...............#
##..#....o........
.#####...######o#...#.
.........# #.# ..#
######...# #.# # ###o#
#@# ####### #.#
#.......# .....[# #(#
###.#.### .###..# #.#
..## < .###..###># .#
.#
..........######.##.
.###.......(.##....
.......#####o##..#
[.รท...>#####(##..#


You could see an orc warrior and an orc priest.

Vanquished Creatures
  Menkaure (D:6)
  An orc warrior (D:7)
  An ice beast (D:6)
  3 ogres
  A centaur (D:5)
  A big kobold (D:7)
  2 bullfrogs (D:7)
  2 scorpions (D:5)
  A water moccasin skeleton (D:4)
  2 howler monkeys (D:7)
  An orc priest (D:8)
  2 hounds
  A bullfrog skeleton (D:7)
  2 centaur skeletons
  Natasha (thrice) (D:2)
  2 orc wizards
  A worker ant (D:7)
  Robin (D:2)
  4 gnolls (D:5)
  5 adders
  A shadow imp (D:5)
  An ooze (D:4)
  A worm (D:4)
  A dart slug (D:4)
  4 leopard geckos (D:2)
  8 orcs
  A ball python (D:3)
  8 bats
  7 giant cockroaches
  13 goblins
  5 hobgoblins
  8 jackals
  3 quokkas
  5 frilled lizards
  16 kobolds
  A leopard gecko skeleton (D:5)
  4 rats
  2 withered plants (D:2)
126 creatures vanquished.

Vanquished Creatures (others)
  An orc priest (D:8)
1 creature vanquished.

Grand Total: 127 creatures vanquished

Notes
Turn   | Place    | Note
-------+----------+-------------------------------------------
     0 | D:1      | tmwrnj the Hill Orc Fighter began the quest for the Orb.
     0 | D:1      | Reached XP level 1. HP: 19/19 MP: 1/1
    97 | D:1      | Reached XP level 2. HP: 27/27 MP: 2/2
   600 | D:1      | Reached XP level 3. HP: 31/33 MP: 3/3
   750 | D:2      | Noticed Natasha
  1100 | D:2      | Noticed Robin
  1127 | D:2      | HP: 1/33 [Robin/spear (3)]
  1420 | D:2      | Killed Robin
  1428 | D:1      | Reached XP level 4. HP: 34/40 MP: 4/4
  1461 | D:2      | Killed Natasha
  1461 | D:2      | Reached skill level 3 in Maces & Flails
  1641 | D:2      | Reached skill level 1 in Dodging
  1664 | D:2      | Noticed Natasha
  1675 | D:2      | Killed Natasha
  1675 | D:2      | Reached XP level 5. HP: 46/47 MP: 5/5
  1731 | D:2      | Found an ancient bone altar of Kikubaaqudgha.
  1766 | D:2      | Noticed Natasha
  1784 | D:2      | Killed Natasha
  2110 | D:3      | Found a sacrificial altar of Ru.
  2338 | D:3      | Noticed galech's ghost (amateur TrMo)
  2710 | D:4      | Found a snail-covered altar of Cheibriados.
  2889 | D:4      | Reached skill level 4 in Maces & Flails
  2889 | D:4      | Reached XP level 6. HP: 41/55 MP: 6/6
  3172 | D:5      | Entered Level 5 of the Dungeon
  3431 | D:5      | Found a shattered altar of Ashenzari.
  3511 | D:5      | Reached skill level 5 in Fighting
  3666 | D:5      | Reached XP level 7. HP: 44/61 MP: 7/7
  3816 | D:5      | Reached skill level 5 in Maces & Flails
  4241 | D:6      | Reached skill level 5 in Armour
  4261 | D:6      | Noticed Menkaure
  4297 | D:7      | Noticed Joseph
  4307 | D:7      | HP: 3/61 [orc (3)]
  4310 | D:7      | HP: 1/61 [poisoned by an orc wizard]
  4628 | D:6      | Found Zeaphe's Book Shop.
  4912 | D:6      | Found an iron altar of Okawaru.
  5017 | D:6      | Reached skill level 6 in Maces & Flails
  5043 | D:6      | Found a staircase to the Ecumenical Temple.
  5045 | D:6      | Killed Menkaure
  5045 | D:6      | Reached XP level 8. HP: 69/69 MP: 8/8
  5418 | D:7      | Reached skill level 7 in Maces & Flails
  6005 | D:7      | Reached skill level 8 in Maces & Flails
  6043 | D:7      | Noticed a hippogriff
  6115 | D:8      | Reached skill level 5 in Shields
  6171 | D:8      | Became a worshipper of Beogh the Brigand
  6229 | D:8      | Killed from afar by an orc priest

Skill      XL: |  1  2  3  4  5  6  7  8 |
---------------+-------------------------+-----
Fighting       | 4 5 6 |  6.1
Armour         | 4 5 6 |  6.0
Maces & Flails | 3 4 6 8 |  8.3
Dodging        | 1 2 |  2.4
Shields        | 4 5 |  5.0
Stealth        | |  0.3

Action                   |  1- 3 |  4- 6 |  7- 9 || total
-------------------------+-------+-------+-------++-------
Melee: Flail             |   130 |   229 |    10 ||   369
       Great mace        |       |       |    89 ||    89
       Mace              |       |       |    51 ||    51
Invok: Convert to Beogh  |       |       |     1 ||     1
  Use: Scroll            |     2 |     1 |     6 ||     9
       Potion            |       |       |     2 ||     2
  Eat: Chunk             |     1 |     9 |     3 ||    13
       Royal jelly       |       |       |     2 ||     2
Armor: Scale mail        |    96 |   121 |    87 ||   304
       Chain mail        |       |       |    26 ||    26
Dodge: Dodged            |    63 |    77 |    80 ||   220
Block: Shield            |   102 |   118 |    32 ||   252
